 Dungeon Crawl Stone Soup version 0.29.1-2-gbd0b4ee654 (webtiles) character file.

Game seed: 13343984964144907516

382 Hiippo the Ruffian (level 6, -5/51 HPs)
             Began as a Draconian Transmuter on Nov 29, 2022.
             Killed from afar by an orc wizard (10 damage)
             ... with a puff of flame
             ... on level 4 of the Dungeon.
             The game lasted 00:22:48 (3582 turns).

Hiippo the Ruffian (Draconian Transmuter)           Turns: 3582, Time: 00:22:51

Health: -5/51      AC:  7    Str: 15    XL:     6   Next: 47%
Magic:  8/9        EV: 12    Int: 13    God:
Gold:   191        SH:  0    Dex: 11    Spells: 5/9 levels left

rFire   . . .      SeeInvis .     - Unarmed
rCold   . . .      Faith    .   (no shield)
rNeg    . . .      Spirit   .   (body armour unavailable)
rPois   .          Reflect  .   (helmet currently unavailable)
rElec   .          Harm     .   i - +0 cloak
rCorr   .          Rampage  .   (no gloves)
Will    .....                   (boots currently unavailable)
Stlth   +.........              (no amulet)
HPRegen 0.17/turn               (no ring)
MPRegen 0.11/turn               (no ring)

@: appendages
A: horns 2, talons 2, AC +6, unfitting armour, cold-blooded, mutation resistance
1
a: End Transformation


You were on level 4 of the Dungeon.
You had temporarily grown beastly horns and talons.
You visited 1 branch of the dungeon, and saw 4 of its levels.

You collected 191 gold pieces.

Inventory:

Armour
 f - a +0 robe
 i - a +0 cloak (worn)
Scrolls
 a - a scroll of poison
 c - 2 scrolls of identify
 g - a scroll of blinking
Potions
 e - 2 potions of flight


   Skills:
 + Level 3.6 Fighting
 - Level 3.3 Dodging
 * Level 4.6 Unarmed Combat
 - Level 2.1 Spellcasting
 + Level 3.7 Transmutations


You had 5 spell levels left.
You knew the following spells:

 Your Spells              Type           Power      Damage    Failure   Level
a - Beastly Appendage     Tmut           22%        N/A       5%          1
b - Wereblood             Tmut           11%        N/A       9%          2
c - Shock                 Conj/Air       4%         1d3       26%         1

Your spell library contained the following spells:

 Spells                   Type           Power      Damage    Failure   Level
 Spider Form              Tmut/Pois      6%         N/A       34%         3
 Ozocubu's Armour         Ice            1%         N/A       58%         3
 Portal Projectile        Hex/Tloc       2%         N/A       58%         3
 Swiftness                Air            1%         N/A       58%         3
 Tukima's Dance           Hex            1%         N/A       58%         3
 Ice Form                 Ice/Tmut       6%         N/A       75%         4
 Blade Hands              Tmut           5%         N/A       83%         5
 Airstrike                Air            0%         2d(1-17)  94%         4
 Hailstorm                Conj/Ice       1%         3d3       94%         4
 Simulacrum               Ice/Necr       0%         N/A       100%        6
 Ozocubu's Refrigeration  Ice            0%         4d7       100%        7


Dungeon Overview and Level Annotations

Branches:
Dungeon (4/15)
 Temple: D:4-7

Altars:
Elyvilon
Yredelemnul

Shops:
D:1 (

Annotations:
D:1 Natasha


Innate Abilities, Weirdness & Mutations

You have temporarily grown beastly horns and talons.
Your plain brown scales are hard. (AC +6)
You cannot fit into any form of body armour.
You are cold-blooded and may be slowed by cold attacks.
You are somewhat resistant to further mutation.


Message History

Something hits you but does no damage. The kobold misses you.
You're too confused to aim your attacks!
You closely miss something.
You're too confused to aim your attacks!
You feel less confused.
You hear some strange, mumbled words.
A puff of flame appears from out of thin air!
The puff of flame hits you!
You barely miss something.
You hear some strange, mumbled words.
A puff of flame appears from out of thin air!
The puff of flame hits you!
* * * LOW HITPOINT WARNING * * *
The kobold completely misses you.
Attack: -) Nothing wielded
Press: ? - help, Dir - move target
Okay, then.
The kobold attacks as you move away! The kobold hits you with a +0 club.
* * * LOW HITPOINT WARNING * * *
You completely miss the kobold.
Your tail-slap misses the kobold.
Something barely misses you. The kobold barely misses you.
You closely miss the kobold.
Your tail-slap misses the kobold.
Something hits you but does no damage. The kobold barely misses you.
Casting: Beastly Appendage (safe; 5% risk of failure)
Press: ? - help, Q - select action, (/) - cycle Dir - look around, f - activate You grow a pair of large bovine horns.
Your feet morph into talons.
Something hits you but does no damage. The kobold hits you but does no damage.
You hit the kobold.
You headbutt the kobold, but do no damage.
You tail-slap the kobold.
You kill the kobold!
Something hits you.
* * * LOW HITPOINT WARNING * * *
Attack: -) Nothing wielded
Press: ? - help, Dir - move target You miss something.
Your kick misses something.
You hear some strange, mumbled words.
A puff of flame appears from out of thin air!
The puff of flame hits you!
You die...

#######....#
#.....#....#
#.....#....#
#.....#....#
####....[#...^# #
.......@.#....#.#
..#...){.#......#
####.....#))....#
#?.......).#..#...
...##......## .# #
#####..# .##
##.#..### #<.<...#
#..#..#.#


There were no monsters in sight!

Vanquished Creatures
  Sigmund (D:2)
  2 orc priests (D:4)
  Crazy Yiuf (D:2)
  Natasha (D:1)
  An orc wizard (D:4)
  Robin (D:2)
  2 adders (D:2)
  2 worms (D:2)
  4 orcs (D:3)
  3 endoplasms
  3 giant cockroaches
  9 goblins
  10 hobgoblins
  5 ball pythons
  4 bats
  8 kobolds
  5 rats
62 creatures vanquished.

Notes
Turn   | Place    | Note
-------+----------+-------------------------------------------
     0 | D:1      | Hiippo the Draconian Transmuter began the quest for the
                  | Orb.
     0 | D:1      | Reached XP level 1. HP: 16/16 MP: 3/3
   358 | D:1      | Reached XP level 2. HP: 23/23 MP: 3/5
   510 | D:1      | Found Keufifo's Weapon Shop.
   758 | D:2      | Noticed Natasha
   778 | D:1      | Killed Natasha
   779 | D:1      | Reached XP level 3. HP: 10/29 MP: 6/6
   838 | D:1      | Noticed Natasha
  1283 | D:2      | Found a basalt altar of Yredelemnul.
  1321 | D:2      | Learned a level 2 spell: Wereblood
  1536 | D:2      | Noticed Robin
  1546 | D:2      | Reached XP level 4. HP: 36/36 MP: 5/7
  1550 | D:2      | Killed Robin
  1572 | D:2      | Noticed Sigmund
  1604 | D:2      | Killed Sigmund
  1605 | D:2      | Reached skill level 4 in Unarmed Combat
  1605 | D:2      | Reached XP level 5. HP: 38/45 MP: 5/8
  1871 | D:2      | Found a runed translucent door.
  1872 | D:2      | Noticed Crazy Yiuf
  1878 | D:2      | Killed Crazy Yiuf
  1879 | D:2      | Reached XP level 6. HP: 51/51 MP: 7/9
  2708 | D:3      | Learned a level 1 spell: Shock
  3277 | D:3      | Found a white marble altar of Elyvilon.
  3396 | D:3      | Gained mutation: You are somewhat resistant to further
                  | mutation. [potion of mutation]
  3582 | D:4      | Killed from afar by an orc wizard

Illustrated notes

Levels and vault maps discovered:
D:1:      eino_arrival_water_star, layout_rooms, serial_shops,
          nicolae_shop_trees
D:2:      layout_basic, basic_altar, uniq_natasha, uniq_robin, uniq_sigmund,
          uniq_crazy_yiuf_cottage
D:3:      layout_loops_ring, mainiacjoe_overflow_six_doors_small,
          serial_co_window_serial, co_window_paths_a, co_window_paths_a,
          co_window_corner_a, co_window_of_opportunity_a, co_window_paths_a,
          co_window_corner_ca, co_window_unsneaky_path_b, co_window_broadway_a,
          co_window_2corner, co_window_unsneaky_path_d, co_window_cross_4,
          co_window_sun, glass_columns_b, glass_columns_a
D:4:      layout_rooms, overflow_temple_1_default, cheibriados_altar_1,
          trog_three_pillars_becter, nicolae_overflow_squiral,
          minmay_manual_maat, uniq_eustachio

Skill      XL: |  1  2  3  4 |
---------------+-------------+-----
Dodging        | 2 3 |  3.3
Fighting       | 2 3 |  3.6
Unarmed Combat | 4 |  4.6
Transmutations | 3 |  3.7
Spellcasting   | |  2.1

Action                   |  1- 3 |  4- 6 || total
-------------------------+-------+-------++-------
Melee: Unarmed           |    80 |    82 ||   162
       Kick              |    13 |    22 ||    35
       Headbutt          |    10 |    17 ||    27
       Tailslap          |     4 |     5 ||     9
       Punch             |     3 |     3 ||     6
 Cast: Beastly Appendage |    17 |    18 ||    35
       Wereblood         |       |     3 ||     3
  Use: Potion            |     1 |     5 ||     6
       Scroll            |       |     6 ||     6
 Stab: Sleeping          |     1 |       ||     1
Armor: Skin              |    17 |    39 ||    56
Dodge: Dodged            |    49 |    44 ||    93
